 Dungeon Crawl Stone Soup version 0.23-b1-6-ga921848b48 (webtiles) character file.

Game seed: 7161294286716736397

165 Morbidden the Shield-Bearer (level 5, -1/49 HPs)
             Began as a Naga Fighter on Feb 2, 2019.
             Slain by an orc
             ... wielding a +0 trident
              (2 damage)
             ... on level 2 of the Dungeon.
             The game lasted 00:04:17 (1964 turns).

Morbidden the Shield-Bearer (Naga Fighter)          Turns: 1964, Time: 00:04:18

Health: -1/49      AC:  5    Str: 19    XL:     5   Next: 46%
Magic:  5/5        EV:  6    Int:  9    God:
Gold:   128        SH:  9    Dex: 10    Spells: 4/4 levels left

rFire    . . .     SeeInvis +   a - +0 long sword
rCold    . . .     Gourm    .   c - +0 shield
rNeg     . . .     Faith    .   b - +0 scale mail
rPois    +         Spirit   .   (helmet restricted)
rElec    .         Reflect  .   (no cloak)
rCorr    .         Harm     .   (no gloves)
MR       .....                  (no barding)
Stlth    ..........             (no amulet)
HPRegen  0.16/turn              (no ring)
MPRegen  0.09/turn              (no ring)

@: short of breath, very slow
A: large, beak, horns 1, see invisible, deformed body, poison resistance,
slowness 2, slow metabolism 1, spit poison 1, AC +1
a: Spit Poison


You were on level 2 of the Dungeon.
You were hungry.

You visited 1 branch of the dungeon, and saw 2 of its levels.

You collected 128 gold pieces.

Inventory:

Hand Weapons
 a - a +0 long sword (weapon)
Missiles
 e - 7 javelins (quivered)
Armour
 b - a +0 scale mail (worn)
 c - a +0 shield (worn)
Scrolls
 d - a scroll of identify
 g - a scroll of amnesia
 m - a scroll of fear {unknown}
 n - a scroll of enchant armour {unknown}
Comestibles
 f - a ration


   Skills:
 + Level 3.3 Fighting
 + Level 3.0 Long Blades
 - Level 0.1 Throwing
 + Level 3.1 Armour
 + Level 0.8 Dodging
 + Level 1.9 Stealth
 + Level 3.4 Shields


You had 4 spell levels left.
You didn't know any spells.
Your spell library was empty.

Dungeon Overview and Level Annotations

Branches:
Dungeon (2/15)

Altars:


Innate Abilities, Weirdness & Mutations

You cannot wear boots.
Your serpentine skin is tough. (AC +1)
You have supernaturally acute eyesight. (SInv)
Armour fits poorly on your strangely shaped body.
Your system is resistant to poisons. (rPois)
You cover ground very slowly.
You have a slow metabolism.
You can spit poison.
You have a beak for a mouth.
You have a pair of small horns on your head.


Message History

You have got your breath back.
The orc hits you but does no damage. x2
The orc hits you from afar with a +0 trident.
* * * LOW HITPOINT WARNING * * *
Unknown command.
You aren't carrying any potions.
Unknown command.
You aren't carrying any potions.
Unknown command.
Press: ? - help, Shift-Dir - straight line, f - orc, p - orc
Aim: an orc, wielding a +0 trident and wearing a +0 leather armour (severely wounded)
The splash of poison misses the orc. x2; You feel slightly more hungry.
The orc hits you with a +0 flail.
* * * LOW HITPOINT WARNING * * *
Unknown command.
Unknown command.
You hit the orc.
You kill the orc!
The orc hits you from afar with a +0 trident.
You die...

######## #......#
###.####.###########
.##.####..........†#
#.#.##...#########†#
##..##.#.# ####)####
###.##.#.# #.@)o...#
.........# #.##.##.#
###.###### #. #..# #
##.## #. ##.# ....#
####### #. .# .##.#
#.....# #. .. ....#
#.....# ## .## ....#
#.....# #.#
.#..###.....## #.#


You could see an orc.

Vanquished Creatures
  Terence (D:2)
  An orc wizard (D:2)
  2 adders (D:2)
  3 gnolls (D:2)
  An ooze (D:1)
  A worm (D:2)
  A dart slug (D:1)
  A leopard gecko (D:2)
  3 orcs (D:2)
  A ball python (D:1)
  4 giant cockroaches
  6 goblins
  3 hobgoblins
  6 jackals (D:2)
  A quokka (D:2)
  4 bats
  5 frilled lizards (D:1)
  2 kobolds
  12 rats
58 creatures vanquished.

Notes
Turn   | Place    | Note
-------+----------+-------------------------------------------
     0 | D:1      | Morbidden the Naga Fighter began the quest for the Orb.
     0 | D:1      | Reached XP level 1. HP: 21/21 MP: 1/1
    38 | D:1      | Reached XP level 2. HP: 20/28 MP: 2/2
   655 | D:1      | Reached XP level 3. HP: 34/34 MP: 3/3
  1109 | D:2      | Reached skill level 1 in Stealth
  1109 | D:2      | Reached XP level 4. HP: 31/42 MP: 4/4
  1118 | D:2      | Gained mutation: You have a beak for a mouth. [potion of
                  | mutation]
  1118 | D:2      | Gained mutation: You have a pair of small horns on your
                  | head. [potion of mutation]
  1118 | D:2      | HP: 1/42 [gnoll/+0 club (3)]
  1707 | D:2      | Noticed Terence
  1716 | D:2      | Killed Terence
  1716 | D:2      | Reached XP level 5. HP: 45/49 MP: 5/5
  1963 | D:2      | HP: 1/49 [orc/+0 flail (6)]
  1964 | D:2      | Slain by an orc

Skill      XL: |  1  2  3  4  5 |
---------------+----------------+-----
Stealth        | 1 |  1.9
Shields        | 3 |  3.4
Armour         | 3 |  3.1
Long Blades    | 3 |  3.0
Fighting       | |  3.3
Throwing       | |  0.1
Dodging        | |  0.8

Action                   |  1- 3 |  4- 6 || total
-------------------------+-------+-------++-------
Melee: Long sword        |   113 |    57 ||   170
       Headbutt          |       |     8 ||     8
       Peck              |       |     3 ||     3
Throw: Javelin           |       |     7 ||     7
 Abil: Spit Poison       |     1 |     5 ||     6
  Use: Potion            |     1 |     2 ||     3
       Scroll            |       |     3 ||     3
  Eat: Chunk             |       |     2 ||     2
Armor: Scale mail        |    55 |    27 ||    82
Dodge: Dodged            |    37 |    12 ||    49
Block: Shield            |    66 |    46 ||   112
       Rpst.: Long sword |    17 |     5 ||    22
